 Dungeon Crawl Stone Soup version 0.18.0-1-g0107ab7 (webtiles) character file.

97 varam the Ruffian (level 4, 13/40 HPs)
             Began as a Troll Transmuter on May 5, 2016.
             Quit the game on level 3 of the Dungeon.
             The game lasted 00:08:23 (2242 turns).

varam the Ruffian (Troll Transmuter)                Turns: 2242, Time: 00:08:24

Health: 13/40      AC:  5    Str: 18    XL:     4   Next: 42%
Magic:  1/6        EV: 10    Int:  9    God:
Gold:   46         SH:  0    Dex: 11    Spells: 2 memorised, 4 levels left

rFire  . . .     SeeInvis .       - Unarmed
rCold  . . .     Gourm    +     b - +0 robe
rNeg   . . .     Faith    .     (no shield)
rPois  .         Spirit   .     (helmet restricted)
rElec  .         Dismiss  .     (no cloak)
rCorr  .         Reflect  .     (gloves unavailable)
SustAt .         Harm     .     (boots unavailable)
MR     .....                    (no amulet)
Stlth  +.........               (no ring)
                                (no ring)

@: appendage (expiring), drained, not resistant to hostile enchantments, very
unstealthy
A: unfitting armour, claws 3, talons 3, fast metabolism 3, gourmand,
regeneration 2, shaggy fur 1, tough skin 2
a: End Transformation


You were on level 3 of the Dungeon.
You were not hungry.
You had grown temporary talons.
You visited 1 branch of the dungeon, and saw 3 of its levels.

You collected 46 gold pieces.

Inventory:

Missiles
 a - 58 arrows
 i - 126 stones (quivered)
Armour
 b - a +0 robe (worn)
Wands
 p - a wand of digging (12/24)
 s - a wand of lightning (6/15)
Scrolls
 e - 2 scrolls of identify {unknown}
 h - 2 scrolls of blinking {unknown}
 k - a scroll of immolation {unknown}
 m - 2 scrolls of remove curse {unknown}
 n - a scroll of recharging {unknown}
 r - 2 scrolls of teleportation {unknown}
Potions
 f - a potion of lignification {unknown}
 g - 2 potions of curing {unknown}
 j - 3 potions of might {unknown}
 o - a potion of brilliance {unknown}
 q - a potion of flight {unknown}
Books
 c - a book of Changes

   Spells                             Type                      Level
   a - Beastly Appendage              Transmutation                1
   b - Sticks to Snakes               Transmutation                2
   c - Spider Form                    Transmutation/Poison         3
   d - Ice Form                       Ice/Transmutation            4
   e - Blade Hands                    Transmutation                5
Comestibles
 d - 2 bread rations
 l - a meat ration
 t - 2 chunks of flesh


   Skills:
 - Level 0.7(0.6) Fighting
 - Level 1.5 Dodging
 - Level 3.0(2.9) Unarmed Combat
 + Level 2.2 Spellcasting
 + Level 2.6 Transmutations


You had 4 spell levels left.
You knew the following spells:

 Your Spells              Type           Power        Failure   Level  Hunger
a - Beastly Appendage     Trmt           #.....       12%         1    ##.....
b - Sticks to Snakes      Trmt           #.......     17%         2    ###....


Dungeon Overview and Level Annotations

Branches:
Dungeon (3/15)

Altars:
Elyvilon
Sif Muna

Annotations:
D:3 Grinder


Innate Abilities, Weirdness & Mutations

You are too large for most types of armour.
You have claws for hands.
Your metabolism is lightning-fast.
You like to eat raw meat.
You heal very quickly.
You are covered in fur (AC +1).
You have very tough skin (AC +2).
You have claws for feet.


Message History

Crazy Yiuf is lightly wounded.
Crazy Yiuf hits you with a quarterstaff of chaos!
You feel your power leaking away.
You barely miss Crazy Yiuf. You claw Crazy Yiuf.
Crazy Yiuf is lightly wounded.
Your transformation is almost over.
You claw Crazy Yiuf!
Crazy Yiuf is heavily wounded.
Crazy Yiuf hits you with a quarterstaff of chaos.
You are electrocuted!
* * * LOW HITPOINT WARNING * * *
You claw Crazy Yiuf!
You kill Crazy Yiuf!
Things that are here:
a quarterstaff of chaos; a cloak; the gnoll corpse of Crazy Yiuf You butcher the gnoll corpse of Crazy Yiuf.
t - 2 chunks of flesh
Things that are here:
a quarterstaff of chaos; a cloak Are you sure you want to abandon this character and quit the game? (Confirm with "yes".)

########## #........#
###### #.########
#..... #.#.....#
#.#### #.#.###.## ###
#######.# #.#.# #..#
#)..### ##....##.####
#.#.# ####
#....@####............
#.#.#
#...##..#.)....##.####
#.#.###### ###
###.#....###.#
#..<.....# ########
#.#### ###.#.####
#..... #.#.# ######
#.#.# #.#.# #.#.#


There were no monsters in sight!

Vanquished Creatures
  Crazy Yiuf (D:3)
  An adder (D:2)
  2 oozes (D:1)
  2 worms (D:2)
  A giant gecko (D:2)
  4 orcs
  10 bats
  A giant cockroach (D:3)
  6 goblins
  3 hobgoblins
  A quokka (D:3)
  3 giant newts (D:2)
  4 kobolds
  4 rats
43 creatures vanquished.

Notes
Turn   | Place    | Note
--------------------------------------------------------------
     0 | D:1      | varam the Troll Transmuter began the quest for the Orb.
     0 | D:1      | Reached XP level 1. HP: 18/18 MP: 1/1
    53 | D:1      | Reached XP level 2. HP: 26/26 MP: 1/3
    85 | D:1      | Learned a level 2 spell: Sticks to Snakes
   530 | D:2      | Found a white marble altar of Elyvilon.
   576 | D:2      | Reached XP level 3. HP: 32/32 MP: 2/4
  1156 | D:2      | Found a deep blue altar of Sif Muna.
  1422 | D:3      | Noticed Grinder
  1424 | D:3      | Paralysed by Grinder for 4 turns
  1899 | D:3      | Paralysed by Grinder for 5 turns
  1908 | D:3      | Paralysed by Grinder for 5 turns
  1927 | D:3      | Paralysed by Grinder for 4 turns
  2057 | D:3      | Reached XP level 4. HP: 40/40 MP: 4/6
  2230 | D:3      | Noticed Crazy Yiuf
  2238 | D:3      | Killed Crazy Yiuf
  2242 | D:3      | Quit the game

Skill      XL: |  1  2  3 |
---------------+----------+-----
Transmutations | 2 |  2.6
Spellcasting   | 2 |  2.2
Fighting       | |  0.7
Dodging        | |  1.5
Unarmed Combat | |  3.0

Action                   |  1- 3 |  4- 6 || total
-------------------------+-------+-------++-------
Melee: Unarmed           |    97 |     8 ||   105
       Headbutt          |     3 |     1 ||     4
       Kick              |     6 |     2 ||     8
 Cast: Beastly Appendage |    30 |     3 ||    33
       Sticks to Snakes  |     2 |       ||     2
 Stab: Sleeping          |     1 |       ||     1
  Eat: Chunk             |    16 |     3 ||    19
Armor: Robe              |    47 |     4 ||    51
Dodge: Dodged            |    62 |     5 ||    67
